[Event "Late-Titled-Tuesday-Blitz-March-26-2024"]
[Site "Chess.com"]
[Date "2024.03.26"]
[Round "1"]
[White "AntonovaNadezhda"]
[Black "Orest_Vovk"]
[Result "0-1"]
[WhiteElo "2217"]
[BlackElo "2600"]
[TimeControl "180+1"]
[EndTime "14:07:26 PDT"]
[Termination "Orest_Vovk won by resignation"]

1. Nf3 Nf6 2. b3 Rg8 3. h4 h6 4.
Bb2 g5 5. hxg5 hxg5 6. g3 g4 7. Ne5 d6 8. Nc4 Be6 9. Bg2 c6 10. d4 Bd5 11. Bxd5 cxd5 12. Ne3 e6 13. Nc3 Nc6 14.
a3 Be7 15. Qd3 a6 16. O-O-O Rc8 17. Kb1 b5 18. Ng2 b4 19. Na4 Ne4 20. Rdf1 Qa5 21. Nf4 bxa3 22. Bxa3 Nd2+ 23. Kb2 Nxf1 24. Rxf1 Nb4 25.
Bxb4 Qxb4 26. Qxa6 Qxd4+ 27. Kb1 Rb8 28. Qc6+ Kf8 29.
e3 Qb4 30. Rd1 Qb5 31. Qxb5 Rxb5 32. Nc3 Rb8 33. Nce2 Bf6 34. Nh5 Bh8 35. Nd4 Ra8 36. Nf4 e5 37. Nxd5 exd4 38. exd4 Rg5 39. c4 Rxd5 40. cxd5 Ke7 41. Re1+ Kd7 42. Re4 Ra5 43. Rxg4 Rxd5 44. Rf4 Ke7 45. Re4+ Kf8 46. Rh4 Bxd4 47.
f4 Bf2 48. Rh3 Rd3 0-1

[Event "Late-Titled-Tuesday-Blitz-March-26-2024"]
[Site "Chess.com"]
[Date "2024.03.26"]
[Round "1"]
[White "ahmedkandiliii"]
[Black "KuzubovYuriy"]
[Result "1-0"]
[WhiteElo "2514"]
[BlackElo "2917"]
[TimeControl "180+1"]
[EndTime "14:07:27 PDT"]
[Termination "ahmedkandiliii won on time"]

1. e4 g6 2. d4 Bg7 3. Nc3 d6 4. Be3 a6 5. a4 Nd7 6. Qd2 e5 7. Nge2 Ngf6 8. f3 O-O 9. h4 d5 10.
exd5 Nb6 11. dxe5 Nc4 12. exf6 Nxd2 13. fxg7 Nxf3+ 14. gxf3 Re8 15. Bd4 c5 16. Bxc5 Qc7 17. Bf2 Qf4 18. Bg2 Bf5 19. Ne4 Qc7 20. Bd4 Bxe4 21.
fxe4 Qxc2 22. h5 Rxe4 23. Bxe4 Qxe4 24. Rh2 Qxd5 25. hxg6 fxg6 26. O-O-O b5 27. Rdh1 h5 28. Rf1 b4 29. Rhf2 Rc8+ 30. Kb1 Qe4+ 31. Ka1 1-0

[Event "Late-Titled-Tuesday-Blitz-March-26-2024"]
[Site "Chess.com"]
[Date "2024.03.26"]
[Round "1"]
[White "Harsha_Bharathakoti"]
[Black "FMYiLiu"]
[Result "1-0"]
[WhiteElo "2903"]
[BlackElo "2484"]
[TimeControl "180+1"]
[EndTime "14:07:27 PDT"]
[Termination "Harsha_Bharathakoti won on time"]

1. f4 d5 2. Nf3 g6 3. g3 Bg7 4. Bg2 Nf6 5. O-O O-O 6. d3 b6 7. e4 dxe4 8. dxe4 Bb7 9. e5 Ng4 10. Nc3 Na6 11. Qe2 Nc5 12. Rd1 Qc8 13. h3 Nh6 14.
Be3 Nf5 15. Bf2 Ne6 16. Nd5 Rd8 17. c4 c6 18. Nc3 c5 19. Nd5 Nc7 20. g4 Nxd5 21.
cxd5 Nd4 22. Nxd4 cxd4 23. Rxd4 Qc7 24. Rad1 Rac8 25. Bg3 Qc5 26. Kh2 a5 27. f5 b5 28.
R1d2 b4 29. d6 Bxg2 30. Qxg2 exd6 31. Rxd6 Re8 32. R6d5 Qc4 33. Rxa5 gxf5 34. gxf5 Kh8 35. Qe2 Qc1 36. Rad5 Bh6 37. e6 f6 38. Bh4 Rf8 39. e7 Bf4+ 40. Kg2 Rg8+ 41. Kf3 Bxd2 42. Bxf6+ Rg7 43. e8=Q+ 1-0

[Event "Late-Titled-Tuesday-Blitz-March-26-2024"]
[Site "Chess.com"]
[Date "2024.03.26"]
[Round "1"]
[White "Josetricks"]
[Black "PenguinPacks"]
[Result "0-1"]
[WhiteElo "2693"]
[BlackElo "2409"]
[TimeControl "180+1"]
[EndTime "14:07:28 PDT"]
[Termination "PenguinPacks won on time"]

1. d4 d5 2. Nc3 e6 3. e4 Bb4 4. Ne2 dxe4 5. a3 Be7 6. Nxe4 Nf6 7. N2c3 Nc6 8. Be3 Nd5 9. Bd3 f5 10. Nxd5 exd5 11. Nc3 O-O 12. g3 Bf6 13. Qf3 Be6 14.
Ne2 Qd7 15. O-O-O Rab8 16. h4 b5 17. Nf4 Bf7 18. Bf1 b4 19. a4 b3 20. c3 Na5 21.
Bb5 Rxb5 22. axb5 Qxb5 23. Nd3 Nc4 24. Rdg1 Qa4 25. Kd1 Qa1+ 26. Ke2 Qa6 27. Bc1 Re8+ 28. Kf1 Re4 29. Kg2 f4 30. Nc5 Qc6 31. Bxf4 Nxb2 32. Ra1 Re8 33. Ra6 Qb5 34. Rxf6 gxf6 35. Qg4+ Bg6 36.
Nd7 f5 0-1

[Event "Late-Titled-Tuesday-Blitz-March-26-2024"]
[Site "Chess.com"]
[Date "2024.03.26"]
[Round "1"]
[White "randomo"]
[Black "Fh2411"]
[Result "1-0"]
[WhiteElo "2264"]
[BlackElo "2590"]
[TimeControl "180+1"]
[EndTime "14:07:28 PDT"]
[Termination "randomo won on time"]

1. e4 c5 2. c3 e6 3. d4 cxd4 4.
cxd4 d5 5. exd5 exd5 6. Nc3 Nf6 7. Bg5 Be7 8. Be2 O-O 9. Bf3 Be6 10. Nge2 h6 11.
Bxf6 Bxf6 12. Nf4 Nc6 13. Nfxd5 Bxd4 14. O-O Qg5 15. Nc7 Rad8 16. Nxe6 fxe6 17. Ne4 Qg6 18. Qe2 Be5 19. Bh5 Qf5 20. Ng3 Qf4 21. Rae1 Rd2 22.
Qf3 Rxb2 23. Qxf4 Rxf4 24. Bf3 Bd4 25. Re2 Ne5 26. Bh5 g6 27. Rxb2 Bxb2 28. Bd1 h5 29.
Bb3 Kf7 30. Ne2 Rb4 31. Nf4 Rb6 32. Re1 Bd4 33. Rd1 Bc3 34. Nd3 Nxd3 35. Rxd3 Be5 36. Re3 Kf6 37. g3 Rd6 38. Kg2 Rd2 39. Kf1 b5 40. f4 Bd4 41. Rxe6+ Kf5 42. Rd6 a5 43.
Bf7 g5 44. Rd5+ Kf6 45. Bxh5 gxf4 46. gxf4 a4 47. Be8 Be3 48. a3 1-0

[Event "Late-Titled-Tuesday-Blitz-March-26-2024"]
[Site "Chess.com"]
[Date "2024.03.26"]
[Round "1"]
[White "el_sporco"]
[Black "jstopa4"]
[Result "0-1"]
[WhiteElo "2404"]
[BlackElo "2741"]
[TimeControl "180+1"]
[EndTime "14:07:30 PDT"]
[Termination "jstopa4 won by resignation"]

1. e4 g6 2. d4 Bg7 3. c3 d6 4.
Bd3 Nf6 5. f3 O-O 6. Be3 b6 7.
Ne2 c5 8. O-O Nc6 9. Nd2 Bb7 10.
Rc1 Rc8 11. Bb1 cxd4 12. cxd4 Qd7 13. d5 Ne5 14. Nd4 Rxc1 15. Qxc1 Rc8 16. Qd1 e6 17.
dxe6 fxe6 18. h3 Nf7 19. Bd3 d5 20. Qb3 e5 21. Nb5 d4 22. Bf2 a6 23. Na3 b5 24.
Nc2 Nh5 25. Nb4 Kh8 26. Kh2 Nf4 27. Bg3 Bh6 28. Rd1 Nh5 29. Bf2 Rf8 30. Nd5 Nf4 31.
Nxf4 Bxf4+ 32. Bg3 Be3 33. Nf1 Bg5 34. a4 bxa4 35.
Qb6 Bd8 36. Qb4 Re8 37. Bc4 Nd6 38. Bd5 Bxd5 39. exd5 Nf5 40. Re1 Bf6 41. Bf2 Qxd5 42. g4 Nh4 43. Qxa4 Nxf3+ 44. Kg3 Bh4+ 45. Kg2 Nxe1+ 0-1

[Event "Late-Titled-Tuesday-Blitz-March-26-2024"]
[Site "Chess.com"]
[Date "2024.03.26"]
[Round "1"]
[White "Juicy_Fork"]
[Black "Aural1011"]
[Result "1-0"]
[WhiteElo "2540"]
[BlackElo "1796"]
[TimeControl "180+1"]
[EndTime "14:07:30 PDT"]
[Termination "Juicy_Fork won by checkmate"]

1. e4 c5 2. Nf3 d6 3. d4 cxd4 4.
Nxd4 Nf6 5. Nc3 a6 6. Bd3 e6 7.
f4 Qc7 8. Qe2 Nbd7 9. g4 h6 10.
Bd2 b5 11. a3 Bb7 12. O-O-O Rc8 13. Kb1 Nc5 14. h4 d5 15. e5 Nfe4 16. Bxe4 Nxe4 17. Nxe4 dxe4 18. Be3 Bc5 19. g5 hxg5 20. hxg5 Rxh1 21. Rxh1 Qb6 22. Qf2 b4 23. axb4 Qxb4 24. Rh8+ Kd7 25. Rxc8 Kxc8 26. f5 Bd5 27. fxe6 fxe6 28. Nf5 Bxe3 29.
Nxe3 Qe7 30. g6 Qg5 31. Qf8+ Kd7 32. Nxd5 exd5 33. Qxg7+ Ke6 34. Qf7+ Kxe5 35. g7 Qg1+ 36. Ka2 Qc5 37. Qe8+ Kd4 38. c3+ Kd3 39. g8=Q Qc4+ 40. Kb1 Qb3 41. Qg3+ Kc4 42. Qc6# 1-0

[Event "Late-Titled-Tuesday-Blitz-March-26-2024"]
[Site "Chess.com"]
[Date "2024.03.26"]
[Round "1"]
[White "GMBenjaminBok"]
[Black "GiorgianBarbosa"]
[Result "1-0"]
[WhiteElo "2992"]
[BlackElo "2507"]
[TimeControl "180+1"]
[EndTime "14:07:31 PDT"]
[Termination "GMBenjaminBok won by resignation"]

1. d4 Nf6 2. c4 g6 3. g3 Bg7 4. Bg2 O-O 5. Nc3 d6 6. Nf3 Nc6 7. O-O e5 8. dxe5 Nxe5 9. b3 c6 10.
Nd4 Qc7 11. h3 Re8 12. e4 a6 13. Be3 b5 14. cxb5 axb5 15. Rc1 Qb7 16. f4 Ned7 17.
e5 Nd5 18. Nxd5 cxd5 19. Nc2 Nb6 20. Nb4 dxe5 21. Nxd5 Rxa2 22. Nf6+ Bxf6 23. Bxb7 Bxb7 24. Rf2 Rxf2 25. Bxf2 Nd5 26. Rc5 Rd8 27. Rxb5 Bc6 28. Rc5 Nxf4 29. Qxd8+ Bxd8 30. Rxc6 Nxh3+ 31. Kg2 Nxf2 32. Rc8 Ng4 33. Rxd8+ Kg7 34. b4 Ne3+ 35. Kg1 Nc4 36. b5 Kf6 37. Rc8 Na5 38. b6 Ke6 39. Rc5 Nb7 40. Rc7 Nd6 41. b7 Nxb7 42. Rxb7 h5 43. Kf2 f6 44. Kf3 Kf5 45. Rb6 Kg5 46. Ke4 f5+ 47.
Kxe5 Kh6 48. Kf4 Kh7 49. Kg5 h4 50. gxh4 f4 51. Kxf4 1-0

[Event "Late-Titled-Tuesday-Blitz-March-26-2024"]
[Site "Chess.com"]
[Date "2024.03.26"]
[Round "1"]
[White "YegoryoCh"]
[Black "AungTZ"]
[Result "1-0"]
[WhiteElo "2548"]
[BlackElo "2029"]
[TimeControl "180+1"]
[EndTime "14:07:31 PDT"]
[Termination "YegoryoCh won by resignation"]

1. e4 c5 2. Nf3 Nc6 3. Bb5 e6 4. Bxc6 dxc6 5. O-O Ne7 6. b3 Ng6 7. Bb2 Qc7 8. d3 e5 9. Nbd2 Be7 10. Nc4 Bf6 11. a4 O-O 12. a5 Be6 13. Qd2 b5 14. Ne3 Rad8 15. Ba3 Be7 16. Rfd1 c4 17. Bxe7 Qxe7 18.
bxc4 bxc4 19. Qc3 cxd3 20. cxd3 c5 21. Nxe5 Qf6 22. f4 Qxf4 23. N3c4 Bxc4 24. Nxc4 Qg5 25.
Ra2 f5 26. e5 f4 27. Qb3 Kh8 28. e6 f3 29. g3 Qg4 30. Re1 Rfe8 31. Na3 Qd4+ 32. Rf2 Qxd3 33. Qxd3 Rxd3 34. Nb5 Rd6 35. Nxd6 Re7 36. Nf7+ Kg8 37. Rd2 h6 38. Rd7 Nf8 39.
Rxe7 Nxe6 40. R7xe6 h5 41. Re7 1-0

[Event "Late-Titled-Tuesday-Blitz-March-26-2024"]
[Site "Chess.com"]
[Date "2024.03.26"]
[Round "1"]
[White "blank0923"]
[Black "tarno17"]
[Result "0-1"]
[WhiteElo "2577"]
[BlackElo "2209"]
[TimeControl "180+1"]
[EndTime "14:07:32 PDT"]
[Termination "tarno17 won on time"]

1. Nf3 d5 2. g3 Nf6 3. Bg2 e6 4. O-O Be7 5. c4 O-O 6. b3 d4 7. e3 c5 8. exd4 cxd4 9. Re1 Nc6 10. d3 h6 11. Na3 Bb4 12. Re2 Re8 13. Nc2 Bc3 14. Rb1 e5 15. Bd2 Bf5 16. Nfe1 Qa5 17. a3 Rad8 18. h3 e4 19. Bxc3 Qxc3 20. dxe4 Nxe4 21.
Nd3 Nxg3 22. fxg3 Bxd3 23. Rd2 Bxc2 24. Qxc2 Qe3+ 25. Kh2 d3 26. Qc3 Ne5 27. Rbd1 Qg5 28. h4 Ng4+ 29. Kh3 Qf5 30. Rf1 Nf2+ 31. Kh2 Ng4+ 32.
Kh1 Qe6 33. Rxd3 Rxd3 34. Qxd3 Ne3 35. Re1 Qb6 36. b4 Qe6 37. Bd5 Qe5 38. Bg2 Qxg3 39. Re2 Re6 0-1

[Event "Late-Titled-Tuesday-Blitz-March-26-2024"]
[Site "Chess.com"]
[Date "2024.03.26"]
[Round "1"]
[White "xakevicius91"]
[Black "maurovargas01"]
[Result "1-0"]
[WhiteElo "2542"]
[BlackElo "1853"]
[TimeControl "180+1"]
[EndTime "14:07:32 PDT"]
[Termination "xakevicius91 won on time"]

1. e4 e5 2. Nf3 Nc6 3. d4 exd4 4. Nxd4 Qf6 5. Nf3 h6 6. Nc3 Qd8 7. Bc4 d6 8. h3 Nf6 9. Qe2 Be7 10. Bf4 O-O 11. O-O-O a6 12. g4 b5 13. Bb3 b4 14.
Nd5 Nxd5 15. Bxd5 Bd7 16. e5 b3 17. Bxb3 a5 18. e6 fxe6 19. Bxe6+ Bxe6 20. Qxe6+ Kh8 21.
Qe4 Nb4 22. Kb1 Bf6 23. Bc1 Qd7 24. Nd4 Rae8 25. Qf5 Qa4 26. a3 Bxd4 27. Qg6 Nc6 28. b3 Qb5 29. a4 Qe5 30. Qd3 Rxf2 31. Qc4 Nb4 32. Qxd4 Rxc2 33. Qxe5 Rxe5 34. Rhe1 Ree2 35. Rxe2 Rxe2 36. Bd2 Rh2 37. Bxb4 axb4 38. Rd3 Rf2 39. a5 Rf8 40. Rd5 Ra8 41. Kb2 Kg8 42. Kc2 Kf7 43. Kd3 Ke6 44. Kc4 c6 45. Rf5 1-0

[Event "Late-Titled-Tuesday-Blitz-March-26-2024"]
[Site "Chess.com"]
[Date "2024.03.26"]
[Round "1"]
[White "Irishchessman16"]
[Black "Polish_fighter3000"]
[Result "1-0"]
[WhiteElo "2547"]
[BlackElo "3112"]
[TimeControl "180+1"]
[EndTime "14:07:34 PDT"]
[Termination "Irishchessman16 won on time"]

1. d4 Nf6 2. c4 g6 3. Nc3 Bg7 4. e4 d6 5. Be2 O-O 6. Nf3 e5 7.
d5 a5 8. Bg5 Na6 9. Nd2 Qe8 10.
g4 Nd7 11. h4 f6 12. Be3 f5 13. gxf5 gxf5 14. exf5 Ndc5 15. Rg1 Kh8 16. Bh5 Qd7 17.
Bg4 Qf7 18. Nde4 Bxf5 19. Ng5 Qd7 20. Nce4 Nxe4 21. Nxe4 Nb4 22. Kd2 Qf7 23. Bxf5 Qxf5 24. Qg4 Rf7 25. Qxf5 Rxf5 26. Rg4 c6 27. Nxd6 Rf6 28.
Ne4 Rg6 29. Rxg6 hxg6 30. d6 Na6 31. Bb6 Nb8 32. Nc5 Bf8 33. d7 Nxd7 34. Nxd7 Bd6 35.
c5 Be7 36. Nxe5 Kh7 37. Rg1 Rg8 38. Nf3 Bf6 39. Ng5+ Kg7 40. b3 Rh8 41. Nf3 Rh5 42. Rg4 Rd5+ 43. Ke2 Kf7 44. Ra4 Bc3 45. Rc4 Bf6 46.
Ra4 1-0

[Event "Late-Titled-Tuesday-Blitz-March-26-2024"]
[Site "Chess.com"]
[Date "2024.03.26"]
[Round "1"]
[White "Bilan_Danila"]
[Black "Tol_Tol"]
[Result "1-0"]
[WhiteElo "2630"]
[BlackElo "2306"]
[TimeControl "180+1"]
[EndTime "14:07:35 PDT"]
[Termination "Bilan_Danila won on time"]

1. d4 Nf6 2. Nf3 g6 3. Bg5 Bg7 4. c3 h6 5. Bh4 d6 6. Nbd2 O-O 7. e4 Nbd7 8. Bc4 e5 9. dxe5 dxe5 10. O-O c6 11. a4 Qe7 12. Qc2 g5 13. Bg3 Nh5 14. Rfe1 Nf4 15. Nf1 Nc5 16. Ne3 a5 17.
Nf5 Qf6 18. Rad1 Bxf5 19. exf5 e4 20. Nd4 Rfe8 21. Re3 Rad8 22. Rde1 Ncd3 23. Bxd3 Nxd3 24. Rf1 Rxd4 25. cxd4 Qxf5 26. Be5 Nxe5 27. dxe5 Rxe5 28. Rfe1 Bf8 29. Rxe4 Rxe4 30. Qxe4 Qf6 31. b3 Bc5 32. Rf1 Kg7 33. Qc4 Qe5 34. Rc1 Qf5 35. Qxc5 1-0

[Event "Late-Titled-Tuesday-Blitz-March-26-2024"]
[Site "Chess.com"]
[Date "2024.03.26"]
[Round "1"]
[White "MyDream003"]
[Black "SharathRk6"]
[Result "1-0"]
[WhiteElo "2794"]
[BlackElo "2426"]
[TimeControl "180+1"]
[EndTime "14:07:36 PDT"]
[Termination "MyDream003 won by resignation"]

1. Nf3 Nf6 2. c4 c5 3. Nc3 Nc6 4. d4 cxd4 5. Nxd4 Nxd4 6. Qxd4 d6 7. g3 g6 8. Bg2 Bg7 9. O-O O-O 10. Qd3 Rb8 11. Bg5 Be6 12. b3 Nd7 13. Rac1 h6 14. Be3 Ne5 15. Qd2 h5 16. Bxa7 Ra8 17. Bd4 Qd7 18. a4 Bh3 19. Rfd1 Bxg2 20. Kxg2 h4 21. Nd5 h3+ 22. Kg1 e6 23. Nf4 Qc6 24. Nxh3 Qe4 25. Ng5 Qg4 26. Bxe5 Bxe5 27. Nf3 Rac8 28. Qe3 Bb2 29. Rc2 Ba3 30. Kg2 Bc5 31. Qd3 e5 32. Nd2 Rce8 33. Qe4 Qe6 34. Nf3 f5 35. Qd5 Qxd5 36.
Rxd5 e4 37. Ng5 e3 38. f4 Kg7 39. Nf3 Kf6 40. Rb2 Ke6 41. b4 Ba7 42. a5 Rc8 43.
Ng5+ Ke7 44. Rc2 Rfd8 45. Kf3 b6 46. axb6 Bxb6 47. Rb5 Bd4 48. Rd5 Bb6 49. c5 dxc5 50. Re5+ Kf8 51. Ne6+ Kf7 52. Nxd8+ 1-0

[Event "Late-Titled-Tuesday-Blitz-March-26-2024"]
[Site "Chess.com"]
[Date "2024.03.26"]
[Round "1"]
[White "rhwr"]
[Black "ValeriyGrinev"]
[Result "0-1"]
[WhiteElo "2300"]
[BlackElo "2618"]
[TimeControl "180+1"]
[EndTime "14:07:36 PDT"]
[Termination "ValeriyGrinev won on time"]

1. e4 c5 2. Nf3 e6 3. d4 cxd4 4. Nxd4 a6 5. Be2 Nf6 6. Nc3 Qc7 7. O-O Nc6 8. Be3 Bb4 9. Nxc6 bxc6 10. Qd3 a5 11. Rfe1 Ba6 12. Qd4 e5 13. Qd1 Bxc3 14.
bxc3 Bxe2 15. Qxe2 Nxe4 16. Qg4 d5 17. f3 Nd6 18. Qxg7 O-O-O 19. Qxe5 Rde8 20. Qf4 Nc4 21. Qxc7+ Kxc7 22. Bd4 Rhg8 23. Rxe8 Rxe8 24. Kf2 Na3 25. Rc1 Kd6 26. Bg7 c5 27. g4 Rb8 28. f4 Rb2 29.
Be5+ Kc6 30. Kg3 Rxa2 31. h4 Rxc2 32. Ra1 Nc4 33. Bf6 Kb5 34. h5 a4 35. g5 Nd6 36.
Rb1+ Kc4 37. Ra1 Kb3 38. Be5 Ne4+ 39. Kg4 a3 40. g6 fxg6 41. hxg6 hxg6 42. Kf3 a2 43.
Ke3 Nxc3 44. Bxc3 Rxc3+ 0-1

[Event "Late-Titled-Tuesday-Blitz-March-26-2024"]
[Site "Chess.com"]
[Date "2024.03.26"]
[Round "1"]
[White "jefferyx"]
[Black "rdarruda"]
[Result "1-0"]
[WhiteElo "3099"]
[BlackElo "2527"]
[TimeControl "180+1"]
[EndTime "14:07:37 PDT"]
[Termination "jefferyx won by resignation"]

1. e4 c5 2. Nf3 Nc6 3. Bb5 g6 4. O-O Bg7 5. Re1 Nf6 6. c3 O-O 7. d4 cxd4 8. cxd4 d5 9. e5 Ne4 10. Bxc6 bxc6 11. Be3 f6 12. Nbd2 Nxd2 13. Bxd2 Bg4 14. e6 f5 15. Bb4 Re8 16. Bc5 a5 17. h3 Bxf3 18. Qxf3 Rb8 19. b3 Rb7 20. Rac1 Bf6 21. Qd3 Qa8 22. g4 fxg4 23. hxg4 a4 24. b4 Qb8 25. Qe3 g5 26. Kg2 Kg7 27. Rh1 h6 28. Rh3 Qf4 29. Qxf4 gxf4 30. Kf3 Bg5 31. Re1 Rf8 32. Re5 Ra8 33. Rf5 Rf8 34. Re5 Ra8 35.
Rh5 Rf8 36. Ke2 Rf6 37. f3 Rg6 38. Kd3 Rf6 39. Kc2 Rf8 40. Kb2 Kg6 41. Ka3 Ra8 42. Rf5 Rc7 43. Rh1 Kg7 44. Rb1 Rb7 45. b5 Rxb5 46. Rxb5 cxb5 47. Kb4 Rb8 48. Rf7+ Kg6 49.
Bxe7 Bxe7+ 50. Rxe7 Kf6 51. Rh7 Kxe6 52. Rxh6+ Ke7 53.
Rh5 Rc8 54. Rxd5 Rc2 55. Rxb5 Rxa2 56. Rf5 Ke6 57. Rxf4 Kd5 58. g5 Rg2 59. Rg4 1-0

[Event "Late-Titled-Tuesday-Blitz-March-26-2024"]
[Site "Chess.com"]
[Date "2024.03.26"]
[Round "1"]
[White "Mackster23"]
[Black "Hirna2005"]
[Result "1/2-1/2"]
[WhiteElo "2609"]
[BlackElo "2300"]
[TimeControl "180+1"]
[EndTime "14:07:39 PDT"]
[Termination "Game drawn by repetition"]

1. e4 g6 2. d4 Bg7 3. Nc3 d6 4. Be3 a6 5. Qd2 b5 6. O-O-O Bb7 7. f3 Nd7 8. h4 h6 9. Kb1 Rc8 10. g4 c5 11. dxc5 Nxc5 12. Bd4 Kf8 13. h5 g5 14. Nge2 Bxd4 15. Nxd4 Nf6 16. Nf5 Ne6 17. Qe3 Nf4 18. e5 N6d5 19. Nxd5 Bxd5 20. exd6 e6 21. Ne7 Rb8 22. Qe5 Rg8 23. Nxd5 Nxd5 24. Bd3 Rb6 25. Bh7 Rg7 26. Be4 Qxd6 27. Qd4 Rc6 28.
Bxd5 exd5 29. Qxd5 Qxd5 30. Rxd5 Kg8 31. Re1 Kh7 32.
Rf5 Rc8 33. Rf6 a5 34. Re5 Rd8 35. b3 Rd1+ 36. Kb2 b4 37. Rxa5 Rd4 38. Raf5 Kg8 39. Rxh6 Kf8 40. Rhf6 Ke7 41. Rb6 Rg8 42. Rb7+ Ke6 43.
Rb6+ Ke7 44. Rb7+ Ke6 45. Rbxf7 Rc8 46. R7f6+ Ke7 47. Rb6 Rd2 48. Re5+ Kf7 49. Rxb4 Rcxc2+ 50. Kb1 Rb2+ 51. Kc1 Rbc2+ 52. Kb1 Rb2+ 53. Kc1 Rbc2+ 54. Kb1 1/2-1/2

[Event "Late-Titled-Tuesday-Blitz-March-26-2024"]
[Site "Chess.com"]
[Date "2024.03.26"]
[Round "1"]
[White "hellokostya"]
[Black "larsmandreassen"]
[Result "0-1"]
[WhiteElo "2590"]
[BlackElo "2250"]
[TimeControl "180+1"]
[EndTime "14:07:40 PDT"]
[Termination "larsmandreassen won by resignation"]

1. Nf3 d5 2. e3 Nf6 3. c4 c6 4. Nc3 g6 5. d4 Bg7 6. Be2 O-O 7. O-O Nbd7 8. cxd5 cxd5 9. Qb3 Nb6 10. a4 e6 11. a5 Nbd7 12. Bd2 Nb8 13. Rfc1 Nc6 14. Qa4 Bd7 15. Qa3 Re8 16. b4 Bf8 17. Nd1 a6 18.
Nb2 Na7 19. Ne5 Bb5 20. Nbd3 Rc8 21. Bf1 Ne4 22. Be1 Nc6 23. f3 Nd6 24. Nxc6 Rxc6 25. Nc5 Bxf1 26. Kxf1 Nc4 27. Qb3 Qc7 28. Kg1 e5 29. Bg3 f6 30. Rxc4 dxc4 31. Qxc4+ Kh8 32. Rc1 b6 33. axb6 Qxb6 34. Qf7 Qd8 35. d5 Rc7 36. Qxc7 Qxc7 37. e4 Rb8 38. Be1 a5 39. Rd1 axb4 40.
Nb3 Qc2 41. Rc1 Qxb3 42. Bf2 Qb2 43. Rd1 b3 44. h4 Qc2 45. Ra1 b2 46. Ra7 b1=Q+ 47.
Kh2 Qcd1 48. Kg3 Qe2 49. h5 Qbc2 0-1

[Event "Late-Titled-Tuesday-Blitz-March-26-2024"]
[Site "Chess.com"]
[Date "2024.03.26"]
[Round "1"]
[White "sakkikuska"]
[Black "Sanan_Sjugirov"]
[Result "0-1"]
[WhiteElo "2515"]
[BlackElo "3010"]
[TimeControl "180+1"]
[EndTime "14:07:42 PDT"]
[Termination "Sanan_Sjugirov won by resignation"]

1. e4 c5 2. Nf3 Nc6 3. d4 cxd4 4. Nxd4 Nf6 5. Nc3 d6 6. Be3 e5 7. Nb3 Be7 8. Be2 O-O 9. O-O Be6 10. f3 a5 11. Nd2 Rc8 12. Nc4 Nd4 13. Na3 d5 14. exd5 Nxd5 15. Nxd5 Qxd5 16. c3 Nxe2+ 17. Qxe2 Bxa3 18.
bxa3 Rxc3 19. Rfd1 Qc6 20. Rac1 h6 21. Bd2 Qb6+ 22. Kh1 Rxa3 23. Qxe5 Rxa2 24. Bc3 f6 25. Qg3 a4 26. Rb1 Qc6 27. Bb4 Re8 28. Rbc1 Rc2 29.
Rb1 Bb3 30. h3 Kh7 31. Rd6 Qb5 32. Qg4 Rc4 33. Rd4 Qxb4 34. Qf5+ Kh8 35. Rd7 Qc5 36. Qg6 Rc1+ 37. Rxc1 Qxc1+ 38. Kh2 Qf4+ 39. Kg1 Rg8 40. Kf2 a3 41. g3 Qg5 42. Qb1 a2 43. Qb2 Qc5+ 44.
Kg2 Qc2+ 0-1

[Event "Late-Titled-Tuesday-Blitz-March-26-2024"]
[Site "Chess.com"]
[Date "2024.03.26"]
[Round "1"]
[White "elcala"]
[Black "DishonorOnYourCow"]
[Result "0-1"]
[WhiteElo "1771"]
[BlackElo "2539"]
[TimeControl "180+1"]
[EndTime "14:07:42 PDT"]
[Termination "DishonorOnYourCow won by resignation"]

1. d4 Nf6 2. Nf3 g6 3. Bf4 d5 4. e3 Bg7 5. Bd3 O-O 6. O-O c5 7. c3 b6 8. Nbd2 Bb7 9. Bb1 Nc6 10. h3 Nd7 11. a4 e5 12. Nxe5 Ndxe5 13. dxe5 Nxe5 14. Nf3 Nc6 15. Ba2 d4 16. exd4 cxd4 17. Bg5 Qd7 18. Re1 Rfe8 19. Be3 d3 20. Bc4 Rad8 21.
Bg5 Rxe1+ 22. Nxe1 Re8 23. Qxd3 Qc8 24. Bd5 Ne5 25.
Bxb7 Qxb7 26. Qc2 Nc4 27. Nf3 h6 28. Bf4 g5 29. Bg3 Qc6 30. Rd1 a6 31. Re1 Rxe1+ 32. Nxe1 Qd5 33. Qd3 Qc6 34. b3 Ne5 35. Bxe5 Bxe5 36. c4 a5 37. Nf3 Bf6 38. Kf1 Qc5 39.
Qd5 Qe7 40. Qc5 Qxc5 41. Nxg5 Qxg5 42. g4 Qc5 43. f4 Qb4 44. g5 hxg5 45. fxg5 Bxg5 46.
h4 Bxh4 0-1

[Event "Late-Titled-Tuesday-Blitz-March-26-2024"]
[Site "Chess.com"]
[Date "2024.03.26"]
[Round "1"]
[White "elmusmolamas"]
[Black "Zkid"]
[Result "1/2-1/2"]
[WhiteElo "2494"]
[BlackElo "2903"]
[TimeControl "180+1"]
[EndTime "14:07:43 PDT"]
[Termination "Game drawn by repetition"]

1. e4 c5 2. Nc3 Nc6 3. Nge2 Nf6 4. d4 cxd4 5. Nxd4 d6 6. Be2 g6 7. O-O Bg7 8. Nb3 O-O 9. Be3 Bd7 10. Qd2 Re8 11. Rad1 a6 12. a4 Be6 13. Kh1 Bxb3 14. cxb3 Qa5 15. Bf3 Rac8 16. Rfe1 Nd7 17. Bg4 Nce5 18.
Bxd7 Nxd7 19. Bd4 Bxd4 20. Qxd4 Qb6 21. Qxb6 Nxb6 22. Rd4 Rc5 23. Rb4 Rc6 24. Nd5 Nxd5 25. exd5 Rc7 26. g3 Rec8 27. Kg2 Kf8 28. Rb6 Rd7 29.
Re4 Rc5 30. Rd4 h5 31. h4 Rdc7 32. Rd2 f6 33. b4 Rc4 34. a5 Ke8 35. Rd3 Kd8 36.
b3 Rc2 37. b5 axb5 38. Rxb5 Ra2 39. b4 Rcc2 40. Rf3 Kc8 41. Kg1 Rd2 42. Kg2 Rab2 43. Kg1 Rd4 44. Rc3+ Kb8 45. Re3 Rd1+ 46. Kg2 Rdd2 47.
Rxe7 Rxf2+ 48. Kg1 Rg2+ 49. Kf1 Kc8 50. Rbxb7 Rgf2+ 51. Ke1 Rfc2 52. Kd1 Rd2+ 53. Ke1 Rdc2 54. Kd1 Rd2+ 55.
Ke1 Rdc2 1/2-1/2

[Event "Late-Titled-Tuesday-Blitz-March-26-2024"]
[Site "Chess.com"]
[Date "2024.03.26"]
[Round "1"]
[White "Mops_2004"]
[Black "GMMikhailKazakov"]
[Result "1-0"]
[WhiteElo "2812"]
[BlackElo "2431"]
[TimeControl "180+1"]
[EndTime "14:07:44 PDT"]
[Termination "Mops_2004 won on time"]

1. g3 d5 2. Nf3 c6 3. Bg2 Nf6 4. O-O Bg4 5. h3 Bxf3 6. Bxf3 Nbd7 7. d3 e6 8. Bg2 Be7 9. e4 dxe4 10. dxe4 e5 11.
Nd2 O-O 12. Qe2 Qc8 13. Nc4 Qc7 14. Bd2 Rfe8 15. a4 a5 16. Bc3 Bb4 17. Bxb4 axb4 18.
a5 Nc5 19. Qe1 Na6 20. Qe3 Rad8 21. c3 bxc3 22. bxc3 Nd7 23. Rfd1 Ndc5 24. h4 f6 25. Bf1 Rxd1 26. Rxd1 Rd8 27. Rb1 Qf7 28. Nd2 Qd7 29. Nb3 Qd6 30. Be2 Nxb3 31. Rxb3 Nc5 32. Rb1 Qe7 33. Kg2 g6 34. h5 Kg7 35. h6+ Kf8 36. Bc4 Rd7 37. Rf1 Ne6 38. Qb6 Nd8 39. Ba2 Qd6 40. Qb3 Nf7 41. Rb1 Qe7 42. Qc4 Ke8 43.
a6 bxa6 44. Qxc6 Kf8 45. Rb8+ Rd8 46. Rb7 Qe8 47. Rxf7+ 1-0

[Event "Late-Titled-Tuesday-Blitz-March-26-2024"]
[Site "Chess.com"]
[Date "2024.03.26"]
[Round "1"]
[White "MikeSailer"]
[Black "CrushingKings"]
[Result "0-1"]
[WhiteElo "2091"]
[BlackElo "2567"]
[TimeControl "180+1"]
[EndTime "14:07:45 PDT"]
[Termination "CrushingKings won on time"]

1. d4 g6 2. Nf3 Bg7 3. Bf4 Nf6 4. e3 b6 5. Be2 Bb7 6. h3 O-O 7. O-O d6 8. c4 Nbd7 9. Nc3 Ne4 10. a4 Nxc3 11.
bxc3 a5 12. Rb1 e5 13. Bh2 Qe7 14. Re1 f5 15. c5 dxc5 16. Bb5 e4 17. Nd2 Nf6 18. Be5 Rad8 19. Qb3+ Kh8 20. Red1 cxd4 21. cxd4 Nd5 22. Bxg7+ Qxg7 23. Nc4 c6 24. Ne5 cxb5 25.
Qxb5 Nc3 26. Qxb6 Nxb1 27. Rxb1 Ba8 28. Qxa5 f4 29. Qc5 fxe3 30. fxe3 Rd5 31. Qb6 Rxe5 32. dxe5 Qxe5 33. Qa7 Qg7 34. Qb6 Qf6 35. Qa7 Bd5 36. Kh1 Ra8 37. Qc5 Bg8 38. a5 Qf5 0-1

[Event "Late-Titled-Tuesday-Blitz-March-26-2024"]
[Site "Chess.com"]
[Date "2024.03.26"]
[Round "1"]
[White "DrVelja"]
[Black "AccioChess"]
[Result "1-0"]
[WhiteElo "3001"]
[BlackElo "2514"]
[TimeControl "180+1"]
[EndTime "14:07:48 PDT"]
[Termination "DrVelja won by resignation"]

1. e4 c5 2. Nf3 Nc6 3. Nc3 e5 4. Bc4 Be7 5. d3 Nf6 6. Ng5 O-O 7.
f4 exf4 8. Bxf4 d6 9. Qd2 Ne5 10. O-O-O a6 11. Nd5 b5 12. Nxf6+ Bxf6 13. Bd5 Ra7 14.
Rdf1 Bb7 15. Bxb7 Rxb7 16. h4 d5 17. g4 d4 18. Nxh7 Kxh7 19. g5 c4 20. gxf6 Qxf6 21. Bg3 Qd6 22. Rf5 f6 23. Rhf1 Rc8 24. Kb1 c3 25.
Qd1 Qb4 26. b3 Qa3 27. Qc1 Qxc1+ 28. Kxc1 Re7 29. h5 a5 30. Rh1 Rc6 31. h6 g5 32.
Rhf1 Kg6 33. Kd1 a4 34. Ke2 axb3 35. axb3 Ra6 36. b4 Ra2 37. Rxf6+ Kh5 38. Bxe5 Rxe5 39. h7 Rxc2+ 40. Kf3 g4+ 41. Kg3 Re8 42. Rh1+ Kg5 43. Rf5+ Kg6 44. h8=Q Rxh8 45. Rxh8 1-0